 Dungeon Crawl Stone Soup version 0.31-a0-625-gc9c7e45f3f (webtiles) character file.

Game seed: 11395880070161195757

1770 Ijustatesigmund the Fighter (level 9, 0/60 HPs)
             Began as a Gargoyle Fighter on Aug 24, 2023.
             Slain by a gnoll
             ... wielding a +3 halberd
              (8 damage)
             ... on level 6 of the Dungeon.
             The game lasted 00:07:43 (5247 turns).

Ijustatesigmund the Fighter (Gargoyle Fighter)      Turns: 5247, Time: 00:07:43

Health: 0/60       AC: 15    Str: 21    XL:     9   Next: 7%
Magic:  9/9        EV: 10    Int: 16    God:
Gold:   397        SH:  4    Dex:  9    Spells: 8/8 levels left

rFire   . . .        a - +3 flail (freeze)
rCold   x . .        c - +0 buckler
rNeg    + . .        b - +0 scale mail
rPois   ∞            (no helmet)
rElec   +            j - +1 cloak
rCorr   .            (no gloves)
SInv    .            (no boots)
Will    .....        h - amulet of regeneration Stlth
                     f - +6 ring of intelligence
HPRegen 1.10/turn    (no ring)
MPRegen 0.11/turn

%: no passive effects
@: no status effects
A: sickness immunity, AC +6, negative energy resistance 1, electricity
resistance, torment resistance 1, petrification resistance, dopey 1, wild magic
1, cold vulnerability 1, inability to drink after injury 1, MP-powered wands
a: no special abilities


You were on level 6 of the Dungeon.
You visited 1 branch of the dungeon, and saw 6 of its levels.

You collected 397 gold pieces.

Inventory:

Hand Weapons
 a - a +3 flail of freezing (weapon)
 k - a +5 whip of electrocution
Armour
 b - a +0 scale mail (worn)
 c - a +0 buckler (worn)
 j - a +1 cloak (worn)
Jewellery
 f - a +6 ring of intelligence (left hand)
 h - an amulet of regeneration (around neck)
Wands
 p - a wand of digging (4)
Scrolls
 g - 2 scrolls of amnesia
 l - a scroll of fog
 s - 4 scrolls of teleportation
 v - a scroll of silence
 x - a scroll of enchant weapon
Potions
 d - 2 potions of might
 e - a potion of magic
 i - 2 potions of enlightenment
 m - a potion of berserk rage
 n - a potion of curing
 o - 2 potions of haste
 q - a potion of attraction
 r - 2 potions of mutation
 t - a potion of brilliance {unknown}
 u - a potion of ambrosia {unknown}
 w - a potion of cancellation {unknown}


   Skills:
 + Level 8.8 Fighting
 + Level 7.6 Maces & Flails
 - Level 4.4 Armour
 - Level 2.6 Dodging
 - Level 3.2 Shields


You had 8 spell levels left.
You didn't know any spells.
Your spell library contained the following spells:

 Spells                   Type           Power      Damage    Failure   Level
 Poisonous Vapours        Pois/Air       0%         N/A       83%         2
 Gell's Gravitas          Tloc           0%         N/A       96%         3
 Mephitic Cloud           Conj/Pois/Air  0%         N/A       96%         3
 Teleport Other           Tloc           0%         N/A       96%         3
 Freezing Cloud           Conj/Ice/Air   0%         6-21      100%        5
 Dispersal                Tloc           0%         N/A       100%        6


Dungeon Overview and Level Annotations

Branches:
Dungeon (6/15)
 Temple: D:4-7

Altars:
Dithmenos
Qazlal
Trog
The Shining One

Shops:
D:1 =


Innate Abilities, Weirdness & Mutations

You are immune to sickness and miasma.
Your stone body is resilient. (AC +6)
You are immune to poison.
You resist negative energy. (rN+)
You are resistant to electric shocks. (rElec)
You are resistant to unholy torment.
You are immune to petrification.
You are dopey. (Int -2)
Your spells are a little harder to cast, but a little more powerful.
You are vulnerable to cold. (rC-)
You occasionally lose the ability to drink potions when taking damage.
You expend magic power (3 MP) to strengthen your wands.


Message History

The steam dragon breathes steam at you. The ball of steam hits you!
The gnoll hits you from afar with a +3 halberd.
You are too injured to fight recklessly!
You are too injured to fight recklessly!
You are too injured to fight recklessly!
You are too injured to fight recklessly!
You are too injured to fight recklessly!
You are too injured to fight recklessly!
You are too injured to fight recklessly!
You are too injured to fight recklessly!
You are too injured to fight recklessly!
You are too injured to fight recklessly!
You are too injured to fight recklessly!
You are too injured to fight recklessly!
You are too injured to fight recklessly!
You are too injured to fight recklessly!
You are too injured to fight recklessly!
You are too injured to fight recklessly!
You are too injured to fight recklessly!
Unknown command.
You are too injured to fight recklessly!
You closely miss the steam dragon.
The steam dragon is lightly wounded.
You are engulfed in a cloud of scalding steam.
The steam dragon bites you but does no damage.
The steam dragon claws you but does no damage.
You block the gnoll's attack.
The steam dragon bites you but does no damage.
You block the steam dragon's attack.
You are engulfed in a cloud of scalding steam.
The gnoll closely misses you. The steam dragon breathes steam at you.
The ball of steam hits you!!
* * * LOW HITPOINT WARNING * * *
There is an open gate here.
You barely miss the steam dragon.
The steam dragon is lightly wounded.
The gnoll hits you from afar with a +3 halberd!
You die...

..# ... ...
... ... ...
##########
###
#§§.~~~~~~
#§@Dg.....
#§§)~~~~~~
#§#########
#####
#)#..#....#
#..##
##.........#
#..#.
#.....###..#
#....
###....#...#
###.#
####.##..#
#...#
#......#
##.##


You could see a steam dragon (catching breath) and a gnoll.

Vanquished Creatures
  2 orc warriors
  A centaur (D:6)
  2 phantoms
  Blork the orc (D:4)
  A scorpion (D:5)
  5 wights (D:6)
  2 howler monkeys (D:6)
  7 hounds
  2 jellies
  3 orc priests
  6 iguanas
  Jessica (D:3)
  2 sleepcaps
  5 orc wizards
  2 gnolls (D:6)
  5 adders
  An ufetubus (D:5)
  3 worms (D:3)
  2 dart slugs
  15 orcs
  4 ball pythons
  8 bats
  4 endoplasms
  5 giant cockroaches
  7 goblins
  3 hobgoblins
  8 jackals
  7 kobolds
  2 quokkas
  7 frilled lizards
  4 rats
127 creatures vanquished.

Notes
Turn   | Place    | Note
-------+----------+-------------------------------------------
     0 | D:1      | Ijustatesigmund the Gargoyle Fighter began the quest for
                  | the Orb.
     0 | D:1      | Reached XP level 1. HP: 14/14 MP: 1/1
   131 | D:1      | Found Petuwow's Jewellery Emporium.
   175 | D:1      | Reached XP level 2. HP: 19/19 MP: 2/2
   551 | D:2      | Reached skill level 4 in Fighting
   551 | D:2      | Reached XP level 3. HP: 24/24 MP: 3/3
   989 | D:3      | Noticed Jessica
  1001 | D:3      | Killed Jessica
  1002 | D:3      | Reached XP level 4. HP: 8/30 MP: 4/4
  1390 | D:3      | Found a stormy altar of Qazlal.
  1419 | D:3      | Found a faded altar of an unknown god.
  2261 | D:4      | Noticed Blork the orc
  2279 | D:4      | Reached XP level 5. HP: 34/34 MP: 5/5
  2284 | D:4      | Killed Blork the orc
  2285 | D:4      | Reached skill level 5 in Fighting
  2564 | D:4      | Reached XP level 6. HP: 40/40 MP: 6/6
  2698 | D:4      | Found a shadowy altar of Dithmenos.
  2848 | D:4      | Found a glowing golden altar of the Shining One.
  3118 | D:4      | Reached skill level 1 in Dodging
  3409 | D:5      | Entered Level 5 of the Dungeon
  3457 | D:5      | Reached XP level 7. HP: 45/45 MP: 7/7
  3677 | D:5      | Reached skill level 6 in Fighting
  3680 | D:5      | Reached skill level 5 in Maces & Flails
  3918 | D:5      | Found a bloodstained altar of Trog.
  4447 | D:5      | Reached XP level 8. HP: 33/52 MP: 8/8
  4780 | D:6      | Reached skill level 7 in Fighting
  4887 | D:6      | Gained mutation: You are dopey. (Int -2) [potion of
                  | mutation]
  4887 | D:6      | Gained mutation: You have hidden genetic defects. [potion
                  | of mutation]
  4887 | D:6      | Gained mutation: Your spells are a little harder to cast,
                  | but a little more powerful. [potion of mutation]
  4887 | D:6      | Gained mutation: You expend magic power (3 MP) to
                  | strengthen your wands. [potion of mutation]
  4889 | D:6      | HP: 1/54 [wight/+0 dire flail (7)]
  4987 | D:6      | Reached skill level 8 in Fighting
  4999 | D:6      | Gained mutation: You are vulnerable to cold. (rC-) [hidden
                  | defects]
  5141 | D:6      | Reached XP level 9. HP: 60/60 MP: 9/9
  5162 | D:6      | Gained mutation: You occasionally lose the ability to drink
                  | potions when taking damage. [hidden defects]
  5162 | D:6      | Lost mutation: You have hidden genetic defects. [hidden
                  | defects expressed]
  5247 | D:6      | Slain by a gnoll

Illustrated notes

Levels and vault maps discovered:
D:1:      lemuel_arrival_rhombus, layout_basic, serial_shops, shop
D:2:      layout_rooms, moated_statue, chequers_serial_rivers_micro_c
D:3:      layout_basic, nicolae_qazlal_general_emergency,
          dreamdust_ecumenical_altar_grove, grunt_decor_mini_mirrors,
          minmay_pentangle, uniq_jessica
D:4:      layout_basic, nicolae_dithmenos_the_darkroom, lemuel_crystal_altar,
          dk_vineyard_1, uniq_blork_the_orc
D:5:      layout_gridville, mainiacjoe_overflow_alcove_1,
          kennysheep_generic_room_10
D:6:      layout_cave_pools, kennysheep_cross_bottleneck, chequers_mini_garden

Skill      XL: |  1  2  3  4  5  6  7  8 |
---------------+-------------------------+-----
Fighting       | 4 5 6 8 |  8.8
Maces & Flails | 3 4 5 7 |  7.6
Armour         | 4 |  4.4
Dodging        | 1 2 |  2.6
Shields        | |  3.2

Action                     |  1- 3 |  4- 6 |  7- 9 || total
---------------------------+-------+-------+-------++-------
  Melee: Flail             |    27 |       |    11 ||    38
         Whip              |    46 |   131 |   198 ||   375
    Use: Scroll            |     5 |     4 |     4 ||    13
         Potion            |       |       |     5 ||     5
 Armour: Scale mail        |    46 |    53 |    95 ||   194
  Dodge: Dodged            |    30 |    41 |    90 ||   161
  Block: Buckler           |     6 |    18 |    31 ||    55

Table legend: (Time is in decaauts)
 A = Elapsed time spent in this place.
 B = Non-inter-level travel time spent in this place.
 C = Inter-level travel time spent in this place.
 D = Time resting spent in this place.
 E = Time spent auto-exploring this place.
 F = Levels seen in this place.
 G = Mean time per level.
                   A        B        C        D        E       F      G
               +--------+--------+--------+--------+--------+-----+--------+
         Total |   5204 |   5088 |    116 |   1139 |   3167 |   6 |  867.3 |
       Dungeon |   5204 |   5088 |    116 |   1139 |   3167 |   6 |  867.3 |
               +--------+--------+--------+--------+--------+-----+--------+

Top non-repeatable levels by time:
     D:5: 1380 daAuts
     D:3: 1278 daAuts
     D:4: 1166 daAuts
     D:1: 535 daAuts
     D:2: 431 daAuts
     D:6: 412 daAuts
